 Dungeon Crawl Stone Soup version 0.29-a0-1006-g0dd7720b37 (webtiles) character file.

Game seed: 1908910489848069465

705 drpainis the Covered (level 7, -3/61 HPs)
             Began as a Hill Orc Fighter on Aug 6, 2022.
             Was a Follower of Beogh.
             Succumbed to Blork the orc's poison
             ... on level 4 of the Dungeon.
             The game lasted 00:07:38 (3979 turns).

drpainis the Covered (Hill Orc Fighter)             Turns: 3979, Time: 00:07:39

Health: -3/61      AC:  8    Str: 21    XL:     7   Next: 67%
Magic:  7/7        EV:  9    Int:  8    God:    Beogh [*.....]
Gold:   191        SH:  4    Dex: 10    Spells: 6/6 levels left

rFire   + . .      SeeInvis +   q - +6 spear of the End {protect, rF+ rN+}
rCold   . . .      Faith    .   c - +0 buckler
rNeg    + . .      Spirit   .   b - +0 scale mail
rPois   .          Reflect  .   (helmet restricted)
rElec   .          Harm     .   (no cloak)
rCorr   .          Rampage  .   w - +0 pair of gloves
Will    .....                   (no boots)
Stlth   ..........              (no amulet)
HPRegen 0.20/turn               h - ring of see invisible
MPRegen 0.10/turn               f - ring of flight

@: lethally poisoned (-3 -> -22), flying
A: horns 1, MP-powered wands
a: Renounce Religion


You were on level 4 of the Dungeon.
You worshipped Beogh.
Beogh was aware of your devotion.
You visited 1 branch of the dungeon, and saw 5 of its levels.

You collected 191 gold pieces.

Inventory:

Hand Weapons
 a - a +0 war axe
 i - a +2 mace of draining
 q - the +6 spear of the End (weapon) {protect, rF+ rN+}
   (You found it on level 2 of the Dungeon)

   It grants its wielder temporary protection when it strikes (+7 to AC).
   rF:        It protects you from fire.
   rN:        It protects you from negative energy.
Missiles
 v - 3 poisoned darts (quivered)
Armour
 b - a +0 scale mail (worn)
 c - a +0 buckler (worn)
 d - the +1 robe of Distant Shores {Harm +Blink}
   (You found it on level 4 of the Dungeon)

   +Blink:    It lets you blink.
   Harm:      It increases damage dealt and taken.
 w - a +0 pair of gloves (worn)
Jewellery
 f - a ring of flight (right hand)
 h - a ring of see invisible (left hand)
 j - a ring of positive energy
 t - a +6 ring of strength
Scrolls
 e - a scroll of acquirement {unknown}
 k - a scroll of amnesia {unknown}
 l - a scroll of immolation {unknown}
 m - 8 scrolls of identify {unknown}
 o - a scroll of torment {unknown}
 p - a scroll of noise {unknown}
 s - a scroll of poison {unknown}
Potions
 g - 2 potions of mutation
 n - a potion of curing {unknown}
 r - a potion of brilliance {unknown}
 u - a potion of lignification {unknown}


   Skills:
 + Level 5.2 Fighting
 + Level 5.0(6.1) Axes
 + Level 4.3(5.1) Polearms
 + Level 0.4 Throwing
 + Level 5.3 Armour
 + Level 1.4 Dodging
 + Level 0.2 Stealth
 + Level 4.3 Shields


You had 6 spell levels left.
You didn't know any spells.
Your spell library contained the following spells:

 Spells                   Type           Power      Damage    Failure   Level
 Sting                    Tmut/Pois      0%         1d3       82%         1
 Blink                    Tloc           0%         N/A       91%         2
 Poisonous Vapours        Pois/Air       0%         N/A       91%         2
 Lesser Beckoning         Tloc           0%         N/A       99%         3
 Olgreb's Toxic Radiance  Pois           0%         N/A       100%        4
 Manifold Assault         Tloc           0%         N/A       100%        5


Dungeon Overview and Level Annotations

Branches:
Dungeon (5/15)
 Temple: D:4-7

Altars:
Qazlal

Annotations:
D:4 Blork the orc


Innate Abilities, Weirdness & Mutations

You have a pair of small horns on your head.
You expend magic power (3 MP) to strengthen your wands.


Message History

You block the orc's attack.
You feel very sick.
Blork the orc hits you but does no damage.
You are more poisoned.
The orc hits you but does no damage.
Blork the orc hits you but does no damage.
You feel very sick.
Blork the orc hits you from afar with a +2 trident of venom.
The orc hits you but does no damage.
You feel very sick.
Blork the orc gestures at you while chanting.
The magic dart hits you but does no damage.
The orc hits you but does no damage.
Blork the orc hits you but does no damage.
You are more poisoned.
You feel very sick. You block Blork the orc's attack.
The orc hits you but does no damage.
You feel very sick.
Blork the orc hits you but does no damage.
The orc hits you but does no damage.
Blork the orc hits you from afar with a +2 trident of venom.
You are lethally poisoned!
* * * LOW HITPOINT WARNING * * *
You feel extremely sick.
Blork the orc hits you but does no damage.
You block the orc's attack.
You feel less wooden.
Your +0 pair of gloves unmelds from your body.
Your +0 scale mail unmelds from your body.
* * * LOW HITPOINT WARNING * * *
You feel very sick.
Blork the orc gestures at you while chanting.
The puff of frost hits you.
* * * LOW HITPOINT WARNING * * *
The orc hits you but does no damage. Blork the orc casts a spell at you.
The magic dart hits you.
* * * LOW HITPOINT WARNING * * *
Unknown command.
You die...

###############
#.............#
#<###########.# #.#
#######.# #.# #.....#.#
##o## #.###.#.#
#########>..####.#
#.#.##
#.......@........#
#.....
##.#.###.o.....####
###)## #.###..........#
######)..
##.#.###.......#
#.....).# ######).##
###...####..#####..
#.......# #...# #..
#..oog..# ##.... #..
##..###################
#.#
#...####........###)..##
####.#


You could see Blork the orc (fast) and an orc.

Vanquished Creatures
  Duvessa (D:4)
  2 black bears (D:4)
  A scorpion (D:5)
  Dowan (D:4)
  A howler monkey (D:4)
  An orc priest (D:4)
  Jessica (D:2)
  2 orc wizards
  Robin (D:4)
  8 adders
  2 worms
  2 dart slugs
  6 orcs
  5 ball pythons
  5 bats
  6 endoplasms
  3 giant cockroaches
  21 goblins
  5 hobgoblins
  3 jackals (D:2)
  4 quokkas
  2 frilled lizards
  8 kobolds
  6 rats
97 creatures vanquished.

Notes
Turn   | Place    | Note
-------+----------+-------------------------------------------
     0 | D:1      | drpainis the Hill Orc Fighter began the quest for the Orb.
     0 | D:1      | Reached XP level 1. HP: 19/19 MP: 1/1
   231 | D:1      | Reached XP level 2. HP: 15/27 MP: 2/2
   950 | D:2      | Reached XP level 3. HP: 31/33 MP: 3/3
  1258 | D:2      | Found a faded altar of an unknown god.
  1262 | D:2      | Noticed Jessica
  1273 | D:2      | Killed Jessica
  1274 | D:2      | Reached XP level 4. HP: 30/41 MP: 4/4
  1559 | D:2      | Identified the +6 spear of the End {protect, rF+ rN+}
  1696 | D:3      | Became a worshipper of Beogh the Brigand
  2023 | D:3      | Reached XP level 5. HP: 47/47 MP: 5/5
  2313 | D:4      | Found a stormy altar of Qazlal.
  2441 | D:4      | Reached skill level 1 in Polearms
  2445 | D:4      | Noticed Duvessa
  2465 | D:4      | Noticed Dowan
  2471 | D:4      | Killed Duvessa
  2472 | D:4      | Reached skill level 5 in Axes
  2472 | D:4      | Reached XP level 6. HP: 32/55 MP: 6/6
  2484 | D:4      | Killed Dowan
  2537 | D:4      | Identified the +0 helmet "Desos" {Rampage Dex+4}
  2537 | D:4      | Noticed Robin
  2543 | D:4      | Reached * piety under Beogh
  2553 | D:4      | Killed Robin
  2820 | D:4      | Identified the +1 robe of Distant Shores {Harm +Blink}
  2828 | D:4      | Reached skill level 5 in Fighting
  2891 | D:4      | Reached XP level 7. HP: 43/61 MP: 7/7
  3149 | D:4      | Reached skill level 5 in Armour
  3149 | D:4      | Reached skill level 1 in Dodging
  3357 | D:4      | Noticed Blork the orc
  3372 | D:4      | Gained mutation: You expend magic power (3 MP) to
                  | strengthen your wands. [potion of mutation]
  3372 | D:4      | Gained mutation: You have a pair of small horns on your
                  | head. [potion of mutation]
  3397 | D:5      | Entered Level 5 of the Dungeon
  3978 | D:4      | HP: 1/61 [Blork the orc/magic dart (5)]
  3979 | D:4      | Succumbed to Blork the orc's poison

Illustrated notes

Levels and vault maps discovered:
D:1:      minmay_arrival_diagonal_passages, layout_loops_cross, minmay_domino_2
D:2:      layout_rooms, chequers_ecumenical_altar_simple_redux, uniq_jessica
D:3:      layout_rooms, chequers_serial_rivers_small_a
D:4:      minmay_opposing_rooms, layout_loops_ring,
          mainiacjoe_overflow_six_doors_small, uniq_blork_the_orc, uniq_duvessa,
          uniq_robin
D:5:      layout_basic, portal_sewer_entry_e, kennysheep_generic_room_13

Skill      XL: |  1  2  3  4  5  6  7 |
---------------+----------------------+-----
Fighting       | 4 5 |  5.2
Axes           | 3 4 5 |  5.0
Armour         | 4 5 |  5.3
Polearms       | 2 3 4 |  4.3
Shields        | 4 |  4.3
Dodging        | 1 |  1.4
Throwing       | |  0.4
Stealth        | |  0.2

Action                   |  1- 3 |  4- 6 |  7- 9 || total
-------------------------+-------+-------+-------++-------
Melee: War axe           |    84 |     3 |       ||    87
       Spear             |       |   112 |    43 ||   155
       Headbutt          |       |       |     3 ||     3
Throw: Dart              |       |     3 |       ||     3
Invok: Convert to Beogh  |       |     1 |       ||     1
  Use: Potion            |       |     1 |     1 ||     2
Armor: Scale mail        |    57 |    57 |    41 ||   155
       Skin              |       |       |    24 ||    24
Dodge: Dodged            |    63 |    31 |    42 ||   136
Block: Buckler           |    30 |    19 |    15 ||    64

Table legend: (Time is in decaauts)
 A = Elapsed time spent in this place.
 B = Non-inter-level travel time spent in this place.
 C = Inter-level travel time spent in this place.
 D = Time resting spent in this place.
 E = Time spent auto-exploring this place.
 F = Levels seen in this place.
 G = Mean time per level.
                   A        B        C        D        E       F      G
               +--------+--------+--------+--------+--------+-----+--------+
         Total |   4012 |   3934 |     78 |   1043 |   1971 |   5 |  802.4 |
       Dungeon |   4012 |   3934 |     78 |   1043 |   1971 |   5 |  802.4 |
               +--------+--------+--------+--------+--------+-----+--------+

Top non-repeatable levels by time:
     D:4: 1184 daAuts
     D:1: 944 daAuts
     D:2: 776 daAuts
     D:5: 554 daAuts
     D:3: 552 daAuts
